 Dungeon Crawl Stone Soup version 0.29.1-12-g30fa7ad0bf (webtiles) character file.

Game seed: 13795070545514282404

409 suipiss the Schismatic (level 6, 0/38 (48) HPs)
             Began as a Demonspawn Abyssal Knight on Dec 31, 2022.
             Was an Elder of Lugonu.
             Succumbed to a scorpion's poison
             ... on level 5 of the Dungeon.
             The game lasted 00:07:15 (4934 turns).

suipiss the Schismatic (Demonspawn Abyssal Knight)  Turns: 4934, Time: 00:07:16

HP:   0/38 (48)     AC:  7    Str: 14    XL:     6   Next: 58%
MP:   9/9           EV: 12    Int: 16    God:    Lugonu [****..]
Gold: 233           SH:  0    Dex: 12    Spells: 5/5 levels left

rFire   . . .      SeeInvis .   u - +0 trident
rCold   + . .      Faith    .   (no shield)
rNeg    . . .      Spirit   .   b - +0 leather armour
rPois   .          Reflect  .   r - +2 helmet
rElec   .          Harm     .   t - +0 cloak
rCorr   .          Rampage  .   (no gloves)
Will    .....                   (no boots)
Stlth   +.........              (no amulet)
HPRegen 0.12/turn               k - +4 ring of slaying
MPRegen 0.11/turn               q - ring of protection from cold

@: lethally poisoned (0 -> -2), about to teleport, hasted, heavily drained, very
quick
A: hooves 2, clever 1
a: Renounce Religion, Depart the Abyss, Bend Space, Banish, Corrupt


You were on level 5 of the Dungeon.
You worshipped Lugonu.
Lugonu was greatly pleased with you.
You visited 1 branch of the dungeon, and saw 5 of its levels.
You visited the Abyss 1 time.

You collected 233 gold pieces.

Inventory:

Hand Weapons
 u - a +0 trident (weapon)
Armour
 b - a +0 leather armour (worn)
 r - a +2 helmet (worn)
 s - a +0 tower shield
 t - a +0 cloak (worn)
Jewellery
 i - a ring of willpower
 k - a +4 ring of slaying (left hand)
 q - a ring of protection from cold (right hand)
Wands
 a - a wand of digging (4)
 e - a wand of flame (14)
Scrolls
 m - a scroll of fear {unknown}
 o - a scroll of vulnerability {unknown}


   Skills:
 + Level 4.0 Fighting
 + Level 3.1 Polearms
 + Level 3.1 Armour
 + Level 2.5 Dodging
 + Level 1.6 Shields
 + Level 4.5 Invocations


You had 5 spell levels left.
You didn't know any spells.
Your spell library contained the following spells:

 Spells                   Type           Power      Damage    Failure   Level
 Apportation              Tloc           0%         N/A       30%         1
 Magic Dart               Conj           0%         1d3       30%         1
 Necrotise                Necr           0%         1d4       30%         1
 Summon Small Mammal      Summ           0%         N/A       30%         1
 Blink                    Tloc           0%         N/A       43%         2
 Ensorcelled Hibernation  Hex/Ice        0%         N/A       43%         2
 Passwall                 Tmut/Erth      0%         N/A       43%         2
 Searing Ray              Conj           0%         2d4       43%         2
 Dazzling Flash           Conj/Hex       0%         N/A       67%         3
 Lesser Beckoning         Tloc           0%         N/A       67%         3
 Swiftness                Air            0%         N/A       67%         3
 Fulminant Prism          Conj/Hex       0%         3d6       97%         4
 Agony                    Necr           0%         N/A       100%        5
 Manifold Assault         Tloc           0%         N/A       100%        5
 Silence                  Hex/Air        0%         N/A       100%        5


Dungeon Overview and Level Annotations

Branches:
Dungeon (5/15)
 Temple: D:4-7

Altars:

Annotations:
D:5 Edmund


Innate Abilities, Weirdness & Mutations

You have hoof-like feet.
Your mind is acute. (Int +4, Str/Dex -1)


Message History

Okay, then.
Blink to where?
Press: ? - help, Dir - move target
As you read the scroll of blinking, it crumbles to dust.
* * * LOW HITPOINT WARNING * * *
You feel very sick.
It was a potion of haste.
You feel yourself speed up.
* * * LOW HITPOINT WARNING * * *
You feel sick.
Okay, then.
Okay, then.
Really quaff the potion of mutation?
You feel extremely strange.
You feel clumsy.
Your feet thicken and deform.
You feel clever.
* * * LOW HITPOINT WARNING * * *
You feel sick.
Blink to where?
Press: ? - help, Dir - move target
As you read the scroll of blinking, it crumbles to dust.
* * * LOW HITPOINT WARNING * * *
You feel sick.
* * * LOW HITPOINT WARNING * * *
You feel sick.
The air fills with toxic fumes!
As you read the scroll labelled SITREL SUODERU, it crumbles to dust.
It was a scroll of poison.
* * * LOW HITPOINT WARNING * * *
You feel sick.
As you read the scroll labelled OMYCWA QAOX, it crumbles to dust.
It is a scroll of enchant armour.
Your +1 helmet glows green for a moment.
* * * LOW HITPOINT WARNING * * *
You feel sick.
As you read the scroll labelled KUKLET WUGEFF, it crumbles to dust.
You feel strangely unstable.
It was a scroll of teleportation.
Really walk into that cloud of poison gas? [Y]es or [N]o only, please.
Really walk into that cloud of poison gas?
Okay, then.
You die...

........##.l..§............## ##
........#.s.##.§§§§§§§§§....####.
#.......#§.####§§§§§§§§§.....##..
##......s..# #§§§§§§§§§.........
#........## #§§§§§§§§.........
##......§######§§§§§§§§.........
#...)..§§§§§§§§§§§§###........#
#..####§§§§§§§§§§§## ##.......#
...# ##§§§§§§@§§§# #........ ...
#§§§##§§§§§# #........ #.
##..§§§§§§§# ..###....
§§§§§§§#§§# #§§§§§§##§§§§
#§§§§§§§§ §§§§ §§##§§§§§ ###§ §#
###§§§


There were no monsters in sight!

Vanquished Creatures
  Blork the orc (D:4)
  A scorpion (D:4)
  A hound (D:5)
  3 orc priests (D:5)
  An orc wizard (D:5)
  6 adders
  3 dart slugs (D:1)
  8 orcs
  4 bats
  13 endoplasms
  4 giant cockroaches
  7 goblins
  9 hobgoblins
  2 ball pythons (D:4)
  6 frilled lizards
  5 kobolds
  11 rats
85 creatures vanquished.

Notes
Turn   | Place    | Note
-------+----------+-------------------------------------------
     0 | Abyss:1  | suipiss the Demonspawn Abyssal Knight began the quest for
                  | the Orb.
     0 | Abyss:1  | Reached XP level 1. HP: 18/18 MP: 2/2
    71 | Abyss:1  | Found a corrupted altar of Lugonu.
    98 | Abyss:1  | Noticed a ynoxinul
   112 | D:1      | Escaped the Abyss
   186 | D:1      | Found a faded altar of an unknown god.
   194 | D:1      | Reached skill level 1 in Dodging
   513 | D:1      | Gained mutation: You have large cloven feet. [demonic
                  | ancestry]
   513 | D:1      | Reached XP level 2. HP: 23/24 MP: 4/4
   942 | D:1      | Reached *** piety under Lugonu
  1130 | D:1      | Reached XP level 3. HP: 23/29 MP: 5/5
  2358 | D:3      | Reached XP level 4. HP: 35/35 MP: 6/6
  3483 | D:4      | Noticed Blork the orc
  3490 | D:4      | Killed Blork the orc
  3491 | D:4      | Reached XP level 5. HP: 41/41 MP: 7/7
  3511 | D:4      | Reached **** piety under Lugonu
  3512 | D:4      | Reached skill level 1 in Shields
  4351 | D:5      | Entered Level 5 of the Dungeon
  4392 | D:5      | Reached XP level 6. HP: 39/48 MP: 9/9
  4629 | D:5      | Noticed Edmund
  4632 | D:5      | Gained mutation: You are agile. (Dex +4, Str/Int -1)
                  | [potion of mutation]
  4928 | D:5      | Lost mutation: You are agile. (Dex +4, Str/Int -1) [potion
                  | of mutation]
  4928 | D:5      | Gained mutation: You have hoof-like feet. [potion of
                  | mutation]
  4928 | D:5      | Gained mutation: Your mind is acute. (Int +4, Str/Dex -1)
                  | [potion of mutation]
  4932 | D:5      | HP: 1/38 [poisoned by a scorpion]
  4934 | D:5      | Succumbed to a scorpion's poison

Illustrated notes

Levels and vault maps discovered:
D:1:      matt_arrival_refuge, layout_rooms, dreamdust_ecumenical_altar_statues,
          minmay_3d_cube
D:2:      layout_basic, minmay_split_cup_large
D:3:      kennysheep_big_flooded_room, layout_basic, serial_rivers,
          chequers_serial_rivers_micro_a, chequers_serial_rivers_micro_e,
          chequers_serial_rivers_large_b, chequers_serial_rivers_small_3,
          chequers_serial_rivers_room_b
D:4:      layout_cave_pods, grunt_decor_junction, uniq_blork_the_orc
D:5:      layout_layer_cave, chequers_jeans, uniq_edmund

Skill      XL: |  1  2  3  4  5  6 |
---------------+-------------------+-----
Dodging        | 1 2 |  2.5
Armour         | 2 3 |  3.1
Polearms       | 2 3 |  3.1
Invocations    | 3 4 |  4.5
Shields        | 1 |  1.6
Fighting       | 4 |  4.0

Action                   |  1- 3 |  4- 6 || total
-------------------------+-------+-------++-------
Melee: Spear             |   131 |    91 ||   222
       Kick              |    26 |    30 ||    56
       Punch             |     1 |     2 ||     3
       Trident           |       |    14 ||    14
Evoke: Wand              |       |     1 ||     1
  Use: Scroll            |     4 |     7 ||    11
       Potion            |     1 |    13 ||    14
 Stab: Sleeping          |       |     2 ||     2
Armor: Leather armour    |    28 |    21 ||    49
Dodge: Dodged            |    62 |    57 ||   119
